 Dungeon Crawl Stone Soup version 0.19.5 (webtiles) character file.

35511 Azzok the Warrior (level 13, -7/92 HPs)
             Began as a Gargoyle Berserker on June 22, 2017.
             Was the Champion of Trog.
             Shot with an arrow by Nessos (11 damage)
             ... on level 4 of the Lair of Beasts.
             The game lasted 00:36:45 (16089 turns).

Azzok the Warrior (Gargoyle Berserker)             Turns: 16089, Time: 00:36:45

Health: -7/92      AC: 10    Str: 26    XL:     13   Next: 84%
Magic:  0/13       EV:  8    Int: 14    God:    Trog [******]
Gold:   924        SH: 12    Dex:  9    Spells: 0 memorised, 12 levels left

rFire  + . .     SeeInvis .     a - +0 war axe (chop)
rCold  + . .     Gourm    .     L - +2 chain mail {rF+}
rNeg   + . .     Faith    .     J - +0 shield
rPois  ∞         Spirit   +     C - +2 helmet
rElec  +         Reflect  .     m - +0 cloak
rCorr  .         Harm     .     (no gloves)
MR     ++...     NoTele   +     A - +1 pair of boots
Stlth  ..........               x - amulet of guardian spirit
                                I - ring "Uggoran" {-Tele rC+ MR+ Str+2 Int+4}
                                T - ring of protection from magic

@: exhausted, corroded, slowed, very slow
A: negative energy resistance 1, electricity resistance, unbreathing,
petrification resistance, rot immunity, AC +9
a: Berserk, Trog's Hand, Brothers in Arms, Burn Spellbooks, Renounce Religion


You were on level 4 of the Lair of Beasts.
You worshipped Trog.
Trog was exalted by your worship.
You were not hungry.

You visited 2 branches of the dungeon, and saw 16 of its levels.
You also visited: Ice Cave.

You collected 924 gold pieces.

Inventory:

Hand Weapons
 a - a +0 war axe of chopping (weapon)
 b - the +11 short sword "Yzexof" {elec, *Noise rC+ Dex+4}
   (You found it on level 3 of the Lair of Beasts)

   Occasionally, upon striking a foe, it will discharge some electrical energy
   and cause terrible harm.
   It affects your dexterity (+4).
   It protects you from cold.
   It may make noises in combat.
Missiles
 W - 8 javelins (quivered)
Armour
 m - a +0 cloak (worn)
 A - a +1 pair of boots (worn)
 C - a +2 helmet (worn)
 J - a +0 shield (worn)
 L - a +2 chain mail of fire resistance (worn)
Jewellery
 l - an uncursed ring of protection from magic
 o - an uncursed amulet of the gourmand
 t - an uncursed ring of protection from cold
 x - an amulet of guardian spirit (around neck)
 B - an uncursed ring of fire
 I - the ring "Uggoran" (right hand) {-Tele rC+ MR+ Str+2 Int+4}
   (You found it on level 7 of the Dungeon)

   [ring of strength]

   It affects your strength (+2).
   It affects your intelligence (+4).
   It protects you from cold.
   It affects your resistance to hostile enchantments.
   It prevents most forms of teleportation.
 T - a ring of protection from magic (left hand)
Wands
 j - a wand of lightning (5/15)
 D - a wand of confusion (26/48)
 G - a wand of teleportation (2/9)
 M - a wand of teleportation (7/9)
 N - a wand of disintegration (9/24)
Scrolls
 d - 3 scrolls of immolation
 g - a scroll of blinking
 k - 10 scrolls of teleportation
 n - a scroll of identify
 p - 2 scrolls of noise {unknown}
 q - 4 scrolls of fog {unknown}
 r - 4 scrolls of recharging {unknown}
 s - 5 scrolls of magic mapping {unknown}
 v - 7 scrolls of enchant armour {unknown}
 w - 4 scrolls of enchant weapon {unknown}
 y - 6 scrolls of remove curse {unknown}
 z - 6 scrolls of fear
 R - 2 scrolls of holy word
Potions
 e - a potion of degeneration {unknown}
 f - 7 potions of curing {unknown}
 u - 3 potions of magic {unknown}
 F - a potion of agility {unknown}
 H - a potion of resistance {unknown}
Books
 K - a book of Ice

   Spells                             Type                      Level
   a - Ice Form                       Ice/Transmutation            4
   b - Metabolic Englaciation         Hexes/Ice                    5
   c - Ozocubu's Refrigeration        Ice                          6
   d - Bolt of Cold                   Conjuration/Ice              6
   e - Freezing Cloud                 Conjuration/Ice/Air          6
   f - Simulacrum                     Ice/Necromancy               6
   Trog disapproves of the use of such an item.
Comestibles
 c - 11 bread rations {@e1}
 h - a royal jelly
 i - 7 meat rations {@e2}
 E - 15 fruits
 O - 6 beef jerkies
 P - 7 chunks of flesh {@w0}


   Skills:
 + Level 15.1 Fighting
 + Level 12.8 Axes
 + Level 7.4 Throwing
 - Level 3.1 Armour
 - Level 1.5 Dodging
 - Level 10.1 Shields


You had 12 spell levels left.
You didn't know any spells.

Dungeon Overview and Level Annotations

Branches:
Dungeon (12/15)            Temple (0/1) D:6            Lair (4/6) D:8
 Shoals (0/4) Lair:2        Snake (0/4) Lair:2          Orc (0/2) D:12

Altars:
Ashenzari
Cheibriados
Dithmenos
Fedhas
Gozag
Kikubaaqudgha
Makhleb
Okawaru
Qazlal
Trog
Uskayaw
Vehumet
Yredelemnul
Zin

Annotations:
Lair:4 Nessos


Innate Abilities, Weirdness & Mutations

You are resistant to torment.
Your stone body is resilient. (AC +9)
You are immune to poison.
You resist negative energy. (rN+)
You are resistant to electric shocks. (rElec)
You can survive without breathing.
You are immune to petrification.
You are immune to rotting.


Message History

You block Nessos's attack.
You take 4 damage, and have 3/138 hp.
You now have 0/13 mp.
You slash Nessos!
Nessos is heavily wounded.
Nessos hits you but does no damage. You block Nessos's attack.
You hit Nessos but do no damage.
Nessos is heavily wounded.
Nessos blinks!
You are too berserk!
Nessos wields an uncursed longbow of flaming.
It bursts into flame!
Nessos shoots an arrow.
You block the arrow.
You see here an arrow.
You feel a strong urge to attack something.
Nessos blinks!
You are no longer berserk.
You are exhausted.
You feel yourself slow down.
You now have 3/92 hp.
Nessos shoots an arrow.
The arrow hits you!
You die...

▒··÷÷··▒▒▒······▒▒
╬··÷·▒·▒········▒ ·▒····
················▒ ······
▒·▒▒▒·<········▒▒▒▒···<··
·▒▒▒▒▒▒▒▒·······(▒P······
··▒P▒▒ ▒···c·(·▒▒·······
·····▒ ▒·····▒··▒▒······c
·····▒c·····▒▒▒··▒·······
···▒▒▒P····· ▒▒@(·······
···▒ ······ ▒··········
··P▒ ····· ▒·▒▒······▒▒
·▒▒▒ ···· ··▒ ▒▒····▒▒ ▒▒
········ ▒·▒▒▒ ▒ ···· ··
··· ▒·· ▒ ··· ▒·· ▒


You could see Nessos.

Vanquished Creatures
  A white draconian (IceCv)
  Harold (Lair:3)
  A hydra (Lair:3)
  A death yak (IceCv)
  A wizard (D:9)
  Joseph (D:9)
  An ice statue (IceCv)
  A black mamba (Lair:2)
  9 spiny frogs
  2 rime drakes
  4 komodo dragons
  2 ice devils (Lair:2)
  19 polar bears
  A troll (D:9)
  3 two-headed ogres
  A hornet (D:9)
  7 hippogriffs
  Prince Ribbit (Lair:3)
  15 blink frogs
  32 yaks
  5 swamp worms (Lair:1)
  2 hell hounds (D:8)
  5 porcupines
  9 water moccasins
  6 orc warriors
  4 sky beasts
  3 black bears
  2 necrophages
  4 phantoms
  An ice beast (D:9)
  6 centaurs
  28 wolves
  6 ogres
  A crocodile (Lair:1)
  4 big kobolds
  17 bullfrogs
  A gnoll sergeant (D:7)
  A wyvern zombie (D:5)
  A wyvern skeleton (D:8)
  5 scorpions
  8 killer bees
  A howler monkey (D:11)
  3 electric eels (Lair:2)
  A lava snake (Lair:2)
  3 crimson imps
  A bullfrog zombie (D:11)
  7 hounds
  3 jellies
  7 orc priests
  2 gnoll shamans
  9 iguanas
  15 orc wizards
  4 worker ants
  3 hound skeletons
  A hound zombie (D:8)
  14 gnolls
  10 adders
  2 river rats (D:3)
  3 shadow imps
  2 oozes
  An adder zombie (D:8)
  16 worms
  3 dart slugs
  7 leopard geckos
  44 orcs
  A ball python (D:3)
  7 bats
  8 giant cockroaches
  7 goblins
  7 hobgoblins
  3 jackals (D:3)
  4 quokkas
  A ball python skeleton (D:5)
  7 frilled lizards
  A jackal skeleton (D:9)
  24 kobolds
  9 rats
  3 fungi (Lair:4)
  4 plants
471 creatures vanquished.

Vanquished Creatures (collateral kills)
  3 hydras
  A spiny frog (Lair:3)
  A butterfly (Lair:3)
5 creatures vanquished.

Vanquished Creatures (others)
  A fire vortex (Lair:2)
  A fungus (Lair:3)
  3 plants
5 creatures vanquished.

Grand Total: 481 creatures vanquished

Notes
Turn   | Place    | Note
-------+----------+-------------------------------------------
     0 | D:1      | Azzok the Gargoyle Berserker began the quest for the Orb.
     0 | D:1      | Reached XP level 1. HP: 14/14 MP: 1/1
   184 | D:1      | Reached XP level 2. HP: 19/19 MP: 2/2
   598 | D:1      | Reached skill level 4 in Fighting
   598 | D:1      | Reached XP level 3. HP: 24/24 MP: 3/3
   761 | D:1      | Reached ** piety under Trog
  1208 | D:2      | Reached XP level 4. HP: 28/30 MP: 4/4
  2202 | D:3      | Reached *** piety under Trog
  2219 | D:3      | Reached skill level 5 in Fighting
  2219 | D:3      | Reached XP level 5. HP: 27/35 MP: 5/5
  2809 | D:4      | Found a hide-covered altar of Uskayaw.
  2865 | D:4      | Reached XP level 6. HP: 40/40 MP: 6/6
  3189 | D:4      | Noticed a phantom
  3245 | D:4      | Killed a phantom
  3245 | D:4      | Reached skill level 6 in Fighting
  3245 | D:4      | Reached skill level 5 in Axes
  3336 | D:4      | Reached XP level 7. HP: 38/47 MP: 7/7
  3782 | D:5      | Entered Level 5 of the Dungeon
  3784 | D:5      | Found a radiant altar of Vehumet.
  3837 | D:4      | Reached skill level 7 in Fighting
  4258 | D:5      | Reached XP level 8. HP: 50/53 MP: 8/8
  4410 | D:5      | Reached skill level 8 in Fighting
  4431 | D:5      | Reached **** piety under Trog
  4661 | D:5      | Reached skill level 1 in Shields
  4773 | D:6      | Found a staircase to the Ecumenical Temple.
  5074 | D:6      | Reached XP level 9. HP: 59/60 MP: 9/9
  5140 | D:6      | Reached skill level 9 in Fighting
  5404 | D:6      | Found a burning altar of Makhleb.
  5485 | D:7      | Found an opulent altar of Gozag.
  5536 | D:7      | Found a shadowy altar of Dithmenos.
  5916 | D:7      | Found an iron altar of Okawaru.
  5945 | D:7      | Got a brightly glowing lapis lazuli ring
  6255 | D:7      | Identified the ring "Uggoran" {-Tele rC+ MR+ Str+2 Int+4} (You found it on level 7 of the Dungeon)
  6315 | D:8      | Reached ***** piety under Trog
  6410 | D:8      | Reached skill level 10 in Fighting
  6410 | D:8      | Reached skill level 5 in Shields
  6649 | D:8      | Reached XP level 10. HP: 68/68 MP: 10/10
  6740 | D:8      | Found a staircase to the Lair.
  6785 | D:8      | Found a bloodstained altar of Trog.
  7179 | D:8      | Received a gift from Trog
  7877 | D:9      | Found an ancient bone altar of Kikubaaqudgha.
  8066 | D:9      | Reached skill level 11 in Fighting
  8098 | D:9      | Found a faded altar of an unknown god.
  8098 | D:9      | Found a faded altar of an unknown god.
  8103 | D:9      | Found a faded altar of an unknown god.
  8105 | D:9      | Found a basalt altar of Yredelemnul.
  8107 | D:9      | Found a faded altar of an unknown god.
  8410 | D:9      | Noticed a wizard
  8419 | D:9      | Killed a wizard
  8464 | D:9      | Noticed Joseph
  8480 | D:9      | Killed Joseph
  8480 | D:9      | Reached XP level 11. HP: 47/74 MP: 8/11
  8511 | D:9      | Found a blossoming altar of Fedhas.
  8512 | D:9      | Found a glowing silver altar of Zin.
  8513 | D:9      | Found a shattered altar of Ashenzari.
  8638 | D:9      | Found a snail-covered altar of Cheibriados.
  8721 | D:9      | Found a stormy altar of Qazlal.
  8935 | D:10     | Entered Level 10 of the Dungeon
  9149 | D:10     | Reached skill level 10 in Axes
  9879 | D:11     | Noticed an eight-headed hydra
  9903 | D:10     | Killed an eight-headed hydra
 10096 | D:11     | Reached skill level 12 in Fighting
 10787 | D:12     | Found a staircase to the Orcish Mines.
 10788 | D:12     | Noticed a deep elf mage
 10789 | D:12     | Noticed a purple ugly thing
 10935 | Lair:1   | Entered Level 1 of the Lair of Beasts
 11148 | Lair:1   | Identified the Collected Works on Changing
 11486 | Lair:1   | Noticed a five-headed hydra
 11504 | Lair:1   | Killed a nine-headed hydra
 11504 | Lair:1   | Reached skill level 10 in Shields
 12126 | Lair:2   | Reached XP level 12. HP: 76/82 MP: 10/12
 12132 | Lair:2   | Reached skill level 1 in Throwing
 12173 | Lair:2   | Reached skill level 13 in Fighting
 12233 | Lair:2   | Found a staircase to the Snake Pit.
 12283 | Lair:2   | Found a staircase to the Shoals.
 12299 | Lair:2   | Reached ****** piety under Trog
 12299 | Lair:2   | Received a gift from Trog
 12534 | Lair:2   | Found a frozen archway.
 12565 | IceCv    | Entered an ice cave
 13456 | IceCv    | Noticed a death yak
 13477 | IceCv    | Killed a death yak
 13477 | IceCv    | Reached skill level 5 in Throwing
 13481 | IceCv    | Reached skill level 14 in Fighting
 13495 | IceCv    | Reached XP level 13. HP: 63/90 MP: 9/13
 13704 | IceCv    | Noticed a white draconian
 13720 | IceCv    | Killed a white draconian
 13816 | Lair:2   | Got a pair of encrusted boots
 13819 | Lair:2   | Identified the +2 pair of boots of Qoimocro {rElec rC+ MR- Int+4} (You found it on level 2 of the Lair of Beasts)
 14484 | Lair:3   | Received a gift from Trog
 15033 | Lair:3   | Noticed Prince Ribbit
 15041 | Lair:3   | Noticed Harold
 15060 | Lair:3   | Killed Prince Ribbit
 15072 | Lair:3   | Killed Harold
 15130 | Lair:3   | Got a polished short sword
 15131 | Lair:3   | Identified the +11 short sword "Yzexof" {elec, *Noise rC+ Dex+4} (You found it on level 3 of the Lair of Beasts)
 15598 | Lair:4   | Reached skill level 15 in Fighting
 16066 | Lair:4   | Noticed Nessos
 16082 | Lair:4   | HP: 3/138 [Nessos (4)]
 16089 | Lair:4   | Shot with an arrow by Nessos

Skill      XL: |  1  2  3  4  5  6  7  8  9 10 11 12 13 |
---------------+----------------------------------------+-----
Axes           | 3 4 5 6 7 8 9 10 12 | 12.8
Fighting       | 4 5 6 7 8 10 11 12 14 15 | 15.1
Shields        | 3 5 8 10 | 10.1
Armour         | 3 |  3.1
Throwing       | 5 7 |  7.4
Dodging        | |  1.5

Action                   |  1- 3 |  4- 6 |  7- 9 | 10-12 | 13-15 || total
-------------------------+-------+-------+-------+-------+-------++-------
Melee: Hand axe          |   116 |   251 |    82 |       |       ||   449
       War axe           |       |       |   276 |  1061 |   383 ||  1720
Invok: Berserk           |     1 |     2 |     4 |     7 |     4 ||    18
       Brothers in Arms  |       |       |       |     3 |     1 ||     4
       Trog's Hand       |       |       |       |     1 |       ||     1
Evoke: Wand              |       |       |       |     4 |     6 ||    10
  Use: Scroll            |       |       |     1 |    11 |     2 ||    14
  Eat: Chunk             |    10 |    14 |    16 |    22 |    13 ||    75
Armor: Animal skin       |     2 |       |       |       |       ||     2
       Ring mail         |    14 |       |       |       |       ||    14
       Scale mail        |    56 |    48 |       |       |       ||   104
       Chain mail        |       |   114 |   258 |   121 |   161 ||   654
       Plate armour      |       |       |       |   554 |    47 ||   601
Dodge: Dodged            |    66 |   129 |   143 |   242 |   115 ||   695
Block: Buckler           |       |       |    38 |       |       ||    38
       Shield            |       |       |    35 |   615 |   223 ||   873
